 Dungeon Crawl Stone Soup version 0.31-a0-152-g6aa68a64a1 (webtiles) character file.

Game seed: 11927666424941160917

117929 jlumianski the Nimble (level 17, -5/117 HPs)
             Began as a Djinni Fire Elementalist on June 8, 2023.
             Was the Champion of Makhleb.
             Killed from afar by an ice dragon (45 damage)
             ... with a blast of cold
             ... on level 15 of the Dungeon on June 9, 2023.
             The game lasted 04:25:05 (28519 turns).

jlumianski the Nimble (Djinni Fire Elementalist)   Turns: 28519, Time: 04:25:05

Health: -5/117     AC: 18    Str:  7    XL:     17   Next: 30%
Gold:   3507       EV: 23    Int: 29    God:    Makhleb [******] SH:  0 Dex: 24

rFire   + + .        P - +8 short sword "Ixicry" {vamp, rElec MP+9 Dex+3}
rCold   x . .        (no shield)
rNeg    . . .        U - +0 troll leather armour
rPois   ∞            i - +2 hat {Will+}
rElec   +            S - +2 cloak
rCorr   .            H - +3 pair of gauntlets of War {Slay+5}
SInv    .            (boots unavailable)
Will    ++...        v - amulet of regeneration
Stlth   ++++         A - ring "Ydghiewill" {Int+5 Dex+6}
HPRegen 1.99/turn    r - +4 ring of protection
MPRegen 0.00/turn

%: infuse magic (-6 HP)
@: flying, studying Ice Magic
A: sickness immunity, fire resistance 2, cold vulnerability 1, float, innate
caster, HP casting, extra vitality 1
a: Renounce Religion, Minor Destruction, Lesser Servant of Makhleb, Major
Destruction, Greater Servant of Makhleb


You were on level 15 of the Dungeon.
You worshipped Makhleb.
Makhleb was exalted by your worship.
You visited 4 branches of the dungeon, and saw 23 of its levels.
You also visited: Trove, Bailey and Volcano.

You collected 3507 gold pieces.

Inventory:

Hand Weapons
 P - the +8 short sword "Ixicry" (weapon) {vamp, rElec MP+9 Dex+3}
   (You acquired it in a bailey)

   Dex:       It affects your dexterity (+3).
   rElec:     It insulates you from electricity.
   MP:        It affects your magic capacity (+9).
 Q - a +6 scimitar
Missiles
 l - 8 javelins
 x - 9 boomerangs
 C - 63 poisoned darts
 G - 12 atropa-tipped darts
 T - 2 throwing nets
Armour
 i - a +2 hat of willpower (worn)
 H - the +3 pair of gauntlets of War (worn) {Slay+5}
   (You found it in a volcano)

   Slay:      It affects your accuracy & damage with ranged weapons and melee
   (+5).
 S - a +2 cloak (worn)
 U - a +0 troll leather armour (worn)
Magical Staves
 p - a staff of fire
Jewellery
 e - the ring "Tedost" {rC+ rN+ Str+4 Int+3}
   (You took it off a kobold demonologist on level 12 of the Dungeon)

   [ring of protection from cold]

   Str:       It affects your strength (+4).
   Int:       It affects your intelligence (+3).
   rC:        It protects you from cold.
   rN:        It protects you from negative energy.
 f - the amulet "Boqe" {Reflect *Slow rC+++ rN+ Dex-5 SH+5}
   (You found it in a treasure trove)

   [amulet of reflection]

   It reflects blocked missile attacks.
   Dex:       It affects your dexterity (-5).
   rC:        It renders you almost immune to cold.
   rN:        It protects you from negative energy.
   *Slow:     It may slow you when you take damage.
   SH:        It affects your SH (+5).
 h - the amulet of Makhleb's Condemnation {Acrobat rElec Dex+5}
   (You found it in a treasure trove)

   [amulet of the acrobat]

   It increases your evasion while moving and waiting.
   Dex:       It affects your dexterity (+5).
   rElec:     It insulates you from electricity.
 n - a +6 ring of dexterity
 r - a +4 ring of protection (right hand)
 v - an amulet of regeneration (around neck)
 A - the ring "Ydghiewill" (left hand) {Int+5 Dex+6}
   (You found it on level 5 of the Dungeon)

   [ring of dexterity]

   Int:       It affects your intelligence (+5).
   Dex:       It affects your dexterity (+6).
 F - the ring "Ixto" {rC+ rCorr}
   (You found it in a treasure trove)

   [ring of resist corrosion]

   rC:        It protects you from cold.
   rCorr:     It protects you from acid and corrosion.
 L - the ring "Dypnal" {rElec rF+ rN+ Dex+3}
   (You found it in a treasure trove)

   [ring of protection from fire]

   Dex:       It affects your dexterity (+3).
   rF:        It protects you from fire.
   rElec:     It insulates you from electricity.
   rN:        It protects you from negative energy.
 O - the ring "Netitwa" {Drain Str+5 Int+2 SInv Stlth+}
   (You found it in a treasure trove)

   [ring of see invisible]

   Str:       It affects your strength (+5).
   Int:       It affects your intelligence (+2).
   SInv:      It lets you see invisible.
   Drain:     It drains your maximum health when unequipped.
   Stlth:     It makes you more stealthy.
Wands
 d - a wand of paralysis (25)
 j - a wand of roots (5)
 k - a wand of mindburst (20)
 z - a wand of acid (7)
 W - a wand of flame (8)
Scrolls
 a - 3 scrolls of teleportation
 c - 3 scrolls of fog
 m - a scroll of enchant armour
 q - a scroll of silence
 t - a scroll of brand weapon
 I - 2 scrolls of blinking
 M - 3 scrolls of fear
 R - 5 scrolls of poison
 X - a scroll of butterflies
Potions
 b - 12 potions of curing
 g - a potion of resistance
 o - 2 potions of berserk rage
 s - 2 potions of heal wounds
 u - 3 potions of cancellation
 E - 10 potions of haste
 J - 6 potions of invisibility


   Skills:
 + Level 9.4 Fighting
 - Level 10.2 Short Blades
 + Level 5.6 Armour
 + Level 13.9 Dodging
 + Level 7.1 Stealth
 + Level 0.3 Unarmed Combat
 * Level 12.6 Spellcasting
 * Level 12.6 Conjurations
 * Level 12.6 Hexes
 * Level 12.6 Summonings
 * Level 12.6 Necromancy
 * Level 12.6 Translocations
 * Level 12.6 Transmutations
 * Level 12.6 Fire Magic
 * Level 13.0 Ice Magic
 * Level 12.6 Air Magic
 * Level 12.6 Earth Magic
 * Level 12.6 Poison Magic
 * Level 11.4 Invocations
 * Level 7.9 Evocations


You knew the following spells:

 Your Spells              Type           Power      Damage    Failure   Level
a - Foxfire               Conj/Fire      100%       2x1d9     1%          1
b - Scorch                Fire           100%       2d9       1%          2
c - Volatile Blastmotes   Fire/Tloc      100%       2d18      1%          3
d - Inner Flame           Hex/Fire       75%        N/A       1%          3
e - Flame Wave            Conj/Fire      75%        2d17      1%          4
f - Slow                  Hex            100%       N/A       1%          1
g - Blink                 Tloc           100%       N/A       1%          2
h - Swiftness             Air            75%        N/A       1%          3
i - Dispel Undead         Necr           75%        3d25      1%          4
j - Alistair's Intoxicat  Tmut/Pois      50%        N/A       1%          5
k - Fireball              Conj/Fire      37%        3d15      1%          5
l - Summon Cactus Giant   Summ           37%        N/A       3%          6
m - Starburst             Conj/Fire      37%        6d11      3%          6
Your spell library was empty.

Dungeon Overview and Level Annotations

Branches:
Dungeon (15/15)            Temple (1/1) D:4            Lair (5/5) D:10
 Shoals (0/4) Lair:3       Spider (0/4) Lair:2        Slime (0/5) Lair:5
    Orc (2/2) D:11            Elf (0/3) Orc:2        Vaults (0/5) D:14
 Bailey (visited)         Volcano (visited)
 Depths: D:15

Altars:
Ashenzari
Cheibriados
Dithmenos
Elyvilon
Fedhas
Gozag
Hepliaklqana
Makhleb
Nemelex Xobeh
Okawaru
Qazlal
Ru
Trog
Uskayaw
Wu Jian
Xom
Yredelemnul
Zin
The Shining One
Jiyva
Lugonu

Shops:
D:14 [   Orc:2 ([((

Portals:
Abyss: Lair:5

Annotations:
D:15 2 transporters


Innate Abilities, Weirdness & Mutations

You are immune to sickness and miasma.
You are immune to poison.
Your flesh is very heat resistant. (rF++)
You are vulnerable to cold. (rC-)
You float through the air rather than walking.
You learn spells naturally, not from books.
Your magical power is your life essence.
You have superior vitality. (+4 MHP)


Message History

The ice dragon completely misses you.
You puncture the ice dragon!
You feel better.
The ice dragon is severely wounded.
You barely miss the ice dragon.
The ice dragon is severely wounded.
The ice dragon breathes frost at you.
The blast of cold hits the ice dragon.
The ice dragon resists.
The blast of cold misses you.
The ice dragon is struck by your cactus giant's spines.
The ice dragon bites your cactus giant. The ice dragon claws your cactus giant!
The ice dragon tramples your cactus giant!
Your cactus giant holds its ground!
You hit the ice dragon but do no damage.
The ice dragon is almost dead.
You closely miss the ice dragon.
The ice dragon is almost dead.
The ice dragon bites you but does no damage.
The ice dragon claws you.
The ice dragon tramples you but does no damage.
You completely miss the ice dragon.
The ice dragon is almost dead.
Your cactus giant hits the ice dragon with a +0 giant spiked club!
The ice dragon dies!
Makhleb accepts your kill.
The ice dragon scales are intact enough to wear.
Your Ice Magic skill increases to level 13!
Casting: Summon Cactus Giant (dangerous; 3% risk of failure)
Confirm with . or Enter, or press ? or * to list all spells.
Aiming: Fireball (mildly dangerous; 1% risk of failure)
Press: ? - help, Shift-Dir - straight line, f - ice dragon
Aim: an ice dragon The fireball explodes!
The fireball engulfs the ice dragon!!
The ice dragon is burned terribly!
The ice dragon is moderately wounded.
* * * LOW HITPOINT WARNING * * *
You puncture the ice dragon!
You feel better.
The ice dragon is heavily wounded.
The ice dragon breathes frost at you. The blast of cold hits you!!!
You feel a terrible chill!
You die...

#$. .$#.#
#...##.....
#$. .$#.#
#...##.....
#$. .$#.###
#...##.....
#$. .$#...#
#...##.....
..#..###.#
#...##.....
.D. #.#
#... #.....
#.#####.#
#.....
#.##.##.#
..
#..D@...#
#.
#..8C#..# #
. ##......#
#.. ##
##..##.#
#....#©
##.##.#
#......
####.#
#....#. #.#
......##
#.. .##.. .
#.. .


You could see an ice dragon (catching breath, ally target) and a friendly cactus
giant (summoned).

Vanquished Creatures
  Saint Roka (Orc:2)
  Rupert (Lair:3)
  2 orc warlords (Orc:2)
  A stone giant (Volcano)
  Snorg (Lair:3)
  Josephine (Orc:1)
  Erolcha (D:11)
  A hydra (Lair:4)
  2 catoblepae
  An ogre mage (D:15)
  A death knight (D:14)
  7 two-headed ogres
  A centaur warrior (D:15)
  A boulder beetle (D:11)
  A tengu warrior (D:12)
  Urug (Lair:4)
  5 orc high priests (Orc:2)
  2 thrashing horrors (Lair:5)
  Nergalle (Lair:2)
  Sonja (D:11)
  Amaemon (Lair:1)
  A skyshark (Lair:4)
  A phantasmal warrior (D:14)
  6 lindwurms
  7 orc knights
  A deep elf pyromancer (D:13)
  9 orc sorcerers
  10 ugly things
  2 oklob plants (Lair:4)
  2 manticores
  A cyclops (D:12)
  3 elephants (Lair:4)
  A moth of wrath (shapeshifter) (D:14)
  3 black mambas
  Maurice (D:11)
  A torpor snail (Lair:5)
  A molten gargoyle (Volcano)
  3 gargoyles
  12 cane toads
  4 rime drakes
  An orange demon (Lair:1)
  Maggie (D:6)
  An unseen horror (D:12)
  3 yaktaurs (D:14)
  4 kobold demonologists
  5 komodo dragons
  2 guardian mummies (D:11)
  An efreet (Volcano)
  2 tengu conjurers
  A freezing wraith (D:14)
  2 ancient zymes
  A queen bee (D:11)
  11 trolls
  A polar bear (Lair:1)
  A queen bee (shapeshifter) (Lair:5)
  A wolf spider simulacrum (D:14)
  A blink frog (shapeshifter) (Lair:5)
  A snapping turtle (Lair:3)
  6 dream sheep (Lair:3)
  31 blink frogs
  10 slime creatures
  8 wraiths
  A culicivora (shapeshifter) (D:14)
  4 vampires
  5 basilisks
  3 fire elementals (Volcano)
  2 wyverns
  41 yaks
  A steam dragon (D:7)
  11 small abominations (Lair:5)
  4 vampire mosquitoes
  A chaos spawn (Lair:5)
  2 wargs (Orc:2)
  5 acid dragons
  A floating eye (shapeshifter) (Lair:4)
  44 orc warriors
  A nameless horror (Lair:4)
  16 water moccasins
  An ice beast (D:8)
  15 ogres
  8 wolves
  7 boggarts
  6 centaurs
  7 kobold brigands
  5 bullfrogs
  7 gnoll sergeants
  3 scorpions
  An earth elemental (Volcano)
  14 wights
  29 killer bees
  A vampire bat (D:5)
  An electric eel (Lair:3)
  10 howler monkeys
  5 lava snakes
  A hound (D:5)
  2 jellies
  15 orc priests
  3 iguanas
  2 sleepcaps
  12 orc wizards
  8 adders
  26 gnolls
  A white imp (D:5)
  3 dart slugs
  8 fire bats
  A worm (D:2)
  95 orcs
  2 spectral bats (D:5)
  13 bats
  A bat simulacrum (D:5)
  3 bat skeletons (D:5)
  A bat zombie (D:5)
  8 endoplasms
  5 giant cockroaches
  7 goblins
  4 hobgoblins
  5 jackals
  2 quokkas (D:4)
  6 ball pythons
  6 frilled lizards
  16 kobolds
  4 rats
720 creatures vanquished.

Vanquished Creatures (collateral kills)
  Gastronok (Lair:1)
  An orc warlord (Orc:2)
  An ice dragon (D:15)
  A centaur warrior (D:13)
  2 two-headed ogres
  A boulder beetle (D:15)
  A skeletal warrior (D:14)
  A wizard (D:12)
  A deep elf pyromancer (D:14)
  An orc knight (Orc:2)
  4 ugly things
  A necromancer (D:12)
  5 orc sorcerers
  An elephant (Lair:4)
  A smoke demon (Lair:5)
  A cane toad (Lair:5)
  2 kobold demonologists (D:12)
  An ancient zyme (Lair:5)
  A tengu conjurer (D:12)
  2 blink frogs
  2 slime creatures (D:14)
  9 yaks
  A wyvern (Lair:4)
  A wraith (Orc:1)
  A chaos spawn (Lair:4)
  2 wargs (Orc:2)
  12 orc warriors (Orc:2)
  3 boggarts
  5 ogres
  8 orc priests (Orc:2)
  2 orc wizards (Orc:2)
  13 orcs (Orc:2)
  A foxfire (Lair:4)
90 creatures vanquished.

Vanquished Creatures (others)
  A wizard (D:14)
  A yaktaur (D:14)
  A fire elemental (Volcano)
  1044 foxfires
1047 creatures vanquished.

Grand Total: 1857 creatures vanquished

Notes
Turn   | Place    | Note
-------+----------+-------------------------------------------
     0 | D:1      | jlumianski the Djinni Fire Elementalist began the quest for
                  | the Orb.
     0 | D:1      | jlumianski set off with the following spells memorised:
                  | Foxfire, Scorch, Volatile Blastmotes, Inner Flame, Flame
                  | Wave.
     0 | D:1      | Reached XP level 1. HP: 15/15 MP: 0/0
   114 | D:1      | Reached XP level 2. HP: 19/21 MP: 0/0
   534 | D:1      | Reached XP level 3. HP: 24/25 MP: 0/0
   534 | D:1      | Learned a level 1 spell: Slow
   714 | D:2      | Found a broken altar of Ashenzari.
   942 | D:2      | Reached XP level 4. HP: 30/31 MP: 0/0
  1702 | D:3      | Reached skill level 1 in Short Blades
  1702 | D:3      | Reached XP level 5. HP: 36/36 MP: 0/0
  1702 | D:3      | Learned a level 2 spell: Blink
  1926 | D:5      | Entered Level 5 of the Dungeon
  1939 | D:5      | Reached skill level 1 in Fighting
  2153 | D:3      | Found a sparkling altar of Nemelex Xobeh.
  2154 | D:3      | Found a glowing golden altar of the Shining One.
  2162 | D:3      | Found a shimmering altar of Xom.
  2251 | D:3      | Reached XP level 6. HP: 36/42 MP: 0/0
  2890 | D:4      | Found a blossoming altar of Fedhas.
  2980 | D:4      | Found a staircase to the Ecumenical Temple.
  2986 | D:4      | Identified the ring "Helusomo" {rPois rF- rCorr Dex+8
                  | Slay-5}
  2998 | Temple   | Entered the Ecumenical Temple
  3347 | D:4      | You are sucked into a shaft and drop 1 floor!
  3356 | D:5      | Found a snail-covered altar of Cheibriados.
  3605 | D:5      | Reached XP level 7. HP: 26/47 MP: 0/0
  3605 | D:5      | Learned a level 3 spell: Swiftness
  4241 | D:5      | Reached XP level 8. HP: 36/53 MP: 0/0
  4300 | D:5      | Found a hazy altar of Hepliaklqana.
  4740 | D:5      | Identified the ring "Ydghiewill" {Int+5 Dex+6}
  4993 | D:6      | Found an opulent altar of Gozag.
  5025 | D:6      | Reached skill level 5 in Dodging
  5184 | D:6      | Noticed a boulder beetle
  5203 | D:6      | Reached skill level 5 in Spellcasting
  5203 | D:6      | Reached skill level 5 in Conjurations
  5203 | D:6      | Reached skill level 5 in Hexes
  5203 | D:6      | Reached skill level 5 in Summonings
  5203 | D:6      | Reached skill level 5 in Necromancy
  5203 | D:6      | Reached skill level 5 in Translocations
  5203 | D:6      | Reached skill level 5 in Transmutations
  5203 | D:6      | Reached skill level 5 in Fire Magic
  5203 | D:6      | Reached skill level 5 in Ice Magic
  5203 | D:6      | Reached skill level 5 in Air Magic
  5203 | D:6      | Reached skill level 5 in Earth Magic
  5203 | D:6      | Reached skill level 5 in Poison Magic
  5267 | D:6      | Noticed a two-headed ogre
  5674 | D:6      | Found a burning altar of Makhleb.
  5699 | D:6      | Became a worshipper of Makhleb the Destroyer
  5723 | D:6      | Noticed Maggie
  5986 | D:6      | Killed Maggie
  5987 | D:6      | Reached XP level 9. HP: 41/59 MP: 0/0
  5987 | D:6      | Learned a level 4 spell: Dispel Undead
  6685 | D:7      | Identified the +0 scale mail "Bafif" {rElec Regen+ Dex+4
                  | Slay-6}
  7862 | D:7      | Reached XP level 10. HP: 10/67 MP: 0/0
  8184 | D:9      | Found a flagged portal.
  8196 | D:9      | Reached * piety under Makhleb
  8229 | Bailey   | Entered a bailey
  8811 | Bailey   | Noticed an orc knight
  8847 | Bailey   | Killed an orc knight
  9092 | Bailey   | Acquired the +8 short sword "Ixicry" {vamp, rElec MP+9
                  | Dex+3}
  9094 | Bailey   | Noticed an orc knight
  9119 | Bailey   | Killed an orc knight
  9124 | Bailey   | Acquired 919 gold pieces
  9590 | D:8      | Found a shadowy altar of Dithmenos.
  9675 | D:8      | Reached XP level 11. HP: 59/72 MP: 0/0
  9675 | D:8      | Learned a level 5 spell: Alistair's Intoxication
  9824 | D:9      | Noticed a two-headed ogre
  9881 | D:9      | Found a stormy altar of Qazlal.
  9923 | D:9      | Reached skill level 5 in Short Blades
 10142 | D:9      | Reached ** piety under Makhleb
 10187 | D:9      | Found a sacrificial altar of Ru.
 10232 | D:9      | Found a white marble altar of Elyvilon.
 10308 | D:9      | Found a basalt altar of Yredelemnul.
 10443 | D:10     | Entered Level 10 of the Dungeon
 11283 | D:11     | Reached skill level 1 in Invocations
 11305 | D:11     | Noticed Maurice
 11359 | D:11     | Killed Maurice
 11823 | D:10     | Found a bloodstained altar of Trog.
 12083 | D:10     | Noticed a two-headed ogre
 12089 | D:10     | Killed a two-headed ogre
 12235 | D:10     | Reached skill level 10 in Spellcasting
 12235 | D:10     | Reached skill level 10 in Conjurations
 12235 | D:10     | Reached skill level 10 in Hexes
 12235 | D:10     | Reached skill level 10 in Summonings
 12235 | D:10     | Reached skill level 10 in Necromancy
 12235 | D:10     | Reached skill level 10 in Translocations
 12235 | D:10     | Reached skill level 10 in Transmutations
 12235 | D:10     | Reached skill level 10 in Fire Magic
 12235 | D:10     | Reached skill level 10 in Ice Magic
 12235 | D:10     | Reached skill level 10 in Air Magic
 12235 | D:10     | Reached skill level 10 in Earth Magic
 12235 | D:10     | Reached skill level 10 in Poison Magic
 12241 | D:10     | Reached skill level 5 in Stealth
 12250 | D:10     | Reached *** piety under Makhleb
 12277 | D:10     | Found a staircase to the Lair.
 12296 | D:10     | Reached skill level 5 in Fighting
 12296 | D:10     | Reached XP level 12. HP: 81/81 MP: 0/0
 12878 | D:11     | Noticed a boulder beetle
 12888 | D:11     | Killed a boulder beetle
 12933 | D:11     | Reached XP level 13. HP: 86/86 MP: 0/0
 12933 | D:11     | Learned a level 5 spell: Fireball
 13099 | D:11     | Noticed Sonja
 13112 | D:11     | Killed Sonja
 13279 | D:11     | Found a staircase to the Orcish Mines.
 13671 | D:11     | Found a portal to a secret trove of treasure.
 13985 | D:12     | Reached **** piety under Makhleb
 14439 | D:12     | Reached skill level 1 in Evocations
 14572 | D:12     | Found a transporter.
 14810 | D:12     | Identified the ring "Tedost" {rC+ rN+ Str+4 Int+3}
 15039 | D:13     | Reached skill level 10 in Dodging
 15360 | Lair:1   | Entered Level 1 of the Lair of Beasts
 15435 | Lair:1   | Noticed Gastronok
 15452 | Lair:1   | Killed Gastronok
 15807 | Lair:1   | Reached XP level 14. HP: 94/94 MP: 0/0
 15811 | Lair:1   | Reached ***** piety under Makhleb
 15885 | Lair:2   | Noticed Amaemon
 15951 | Lair:1   | Killed Amaemon
 16493 | Lair:1   | Upgraded the game from 0.31-a0-150-g89dc3ad700 to
                  | 0.31-a0-152-g6aa68a64a1
 16831 | Lair:2   | Reached skill level 5 in Armour
 16905 | Lair:2   | Found a hole to the Spider Nest.
 16909 | Lair:2   | Noticed Nergalle
 16926 | Lair:2   | Killed Nergalle
 17228 | Lair:3   | Found a dark tunnel.
 17236 | Volcano  | Entered a volcano
 17510 | Volcano  | Found the +3 pair of gauntlets of War {Slay+5}
 17529 | Volcano  | Noticed a stone giant
 17567 | Volcano  | Found a burning altar of Makhleb.
 17713 | Volcano  | Killed a stone giant
 17996 | Lair:3   | Found a staircase to the Shoals.
 18358 | Lair:3   | Noticed Snorg
 18368 | Lair:3   | Killed Snorg
 18910 | Lair:4   | Noticed Rupert
 18927 | Lair:4   | Paralysed by Rupert for 4 turns
 18959 | Lair:4   | Paralysed by Rupert for 3 turns
 19017 | Lair:3   | Killed Rupert
 19160 | Lair:4   | Noticed Urug
 19184 | Lair:4   | Reached XP level 15. HP: 103/103 MP: 0/0
 19184 | Lair:4   | Learned a level 6 spell: Summon Cactus Giant
 19200 | Lair:4   | Identified the +9 ring mail of Midnight {rElec Dex-2
                  | Stlth+}
 19202 | Lair:4   | Identified the +2 ring mail of the Three of Swords {rC+
                  | Str+5 Stlth-}
 19253 | Lair:4   | Killed Urug
 19303 | Lair:5   | Entered Level 5 of the Lair of Beasts
 19873 | Lair:4   | Identified the staff of cold "Vutaanucvoi" {rPois rC+}
 20004 | Lair:5   | Reached skill level 10 in Short Blades
 20841 | Lair:5   | Reached ****** piety under Makhleb
 20914 | Lair:5   | Found a staircase to the Slime Pits.
 20915 | Lair:5   | Found a viscous altar of Jiyva.
 21342 | Lair:5   | Found a corrupted altar of Lugonu.
 21344 | Lair:5   | Found a one-way gate to the infinite horrors of the Abyss.
 21456 | Lair:5   | Identified the +0 chain mail of Pragmatism {Int-2 Dex+4}
 22239 | D:11     | You paid a toll of a +5 demon blade to enter a treasure
                  | trove
 22240 | Trove    | Entered a treasure trove
 22244 | Trove    | Identified the amulet "Boqe" {Reflect *Slow rC+++ rN+ Dex-5
                  | SH+5}
 22246 | Trove    | Identified the amulet of Makhleb's Condemnation {Acrobat
                  | rElec Dex+5}
 22248 | Trove    | Identified the +2 buckler of the Glimmering Gods {rElec rN+
                  | Str-3 Dex+2}
 22251 | Trove    | Identified the ring of Roamn {rPois rC+ rN+ Str+6}
 22256 | Trove    | Identified the +0 hat of the Distant Future {rElec Int+2
                  | Slay+2}
 22259 | Trove    | Identified the +0 hat "Jiqiol" {Fly rF+}
 22263 | Trove    | Identified the +8 tower shield "Juvoss" {Int+7 Slay-2}
 22279 | Trove    | Identified the ring "Ixto" {rC+ rCorr}
 22283 | Trove    | Identified the ring "Dypnal" {rElec rF+ rN+ Dex+3}
 22290 | Trove    | Identified the ring "Netitwa" {Drain Str+5 Int+2 SInv
                  | Stlth+}
 22296 | Trove    | Identified the ring "Sidghaig" {rCorr Str+4}
 22300 | Trove    | Identified the ring "Qisch" {Fly rPois MP+9 Str-3 Int-3}
 22588 | Orc:1    | Entered Level 1 of the Orcish Mines
 22588 | Orc:1    | Noticed Erolcha
 22605 | D:11     | Killed Erolcha
 22790 | Orc:2    | Entered Level 2 of the Orcish Mines
 23173 | Orc:2    | Noticed an orc warlord
 23258 | Orc:2    | Killed an orc warlord
 23259 | Orc:2    | Reached XP level 16. HP: 105/111 MP: 0/0
 23327 | Orc:1    | Noticed Josephine
 23363 | Orc:1    | Killed Josephine
 23841 | Orc:2    | Found Naserch's Armour Shoppe.
 23846 | Orc:2    | Found Ysiosaijalia's Weapon Emporium.
 23876 | Orc:2    | Reached skill level 5 in Evocations
 24341 | Orc:2    | Reached skill level 10 in Invocations
 24377 | Orc:2    | Paralysed by an orc sorcerer for 5 turns
 24640 | Orc:2    | Found a staircase to the Elven Halls.
 24707 | Orc:2    | Noticed Saint Roka
 25019 | Orc:2    | Noticed an Executioner
 25398 | Orc:2    | Killed Saint Roka
 25563 | Orc:2    | Found Duugget's Antique Weapon Shoppe.
 25639 | Orc:2    | Found Uffotigu's Antique Weapon Shop.
 26192 | D:12     | Identified the -1 hat "Viqen" {Int+3}
 26229 | D:12     | Found a transporter.
 26946 | D:15     | Entered Level 15 of the Dungeon
 27242 | D:14     | Found Giaso's Armour Boutique.
 27463 | D:14     | Reached XP level 17. HP: 103/117 MP: 0/0
 27463 | D:14     | Learned a level 6 spell: Starburst
 27473 | D:14     | Found a gate to the Vaults.
 28285 | D:15     | Found a transporter.
 28313 | D:15     | Found a transporter.
 28319 | D:15     | Found a transporter.
 28319 | D:15     | Found a transporter.
 28519 | D:15     | Killed from afar by an ice dragon

Illustrated notes

Levels and vault maps discovered:
D:1:      spicycebolla_arrival_ecumenical, layout_loops_ring
D:2:      layout_loops_ring, basic_altar, minivault_4
D:3:      layout_basic, grunt_temple_overflow_open, serial_bayou_pond_d,
          lexackson_kobold_supper
D:4:      layout_basic, fedhas_altar_1, minmay_temple_entry_offerings,
          serial_rivers, chequers_serial_rivers_large_a,
          chequers_serial_rivers_marsh, chequers_serial_rivers_micro_a,
          chequers_serial_rivers_small_b, chequers_serial_rivers_small_3
D:5:      layout_loops_ring, kennysheep_slug_shrine, general_overflow_altar,
          goddamned_bats
D:6:      minmay_chambers_of_sixes, layout_loops_cross,
          nicolae_gozag_seed_capital, lemuel_crystal_altar, bloody_makhleb,
          uniq_maggie
D:7:      layout_cave_pods
D:8:      layout_basic, nicolae_dithmenos_shadow_blocks, kennysheep_donut,
          minmay_misc_feat_doors, kennysheep_generic_room_7
D:9:      layout_basic, grunt_qazlal_sundering, elyvilon_altar_3,
          mainiacjoe_overflow_catch_the_wave, enter_bailey_6
D:10:     layout_loops_ring, trog_three_pillars_becter, lair_entry_dummy,
          minmay_increasing_density
D:11:     layout_roguey [special_room_bee],
          kennysheep_orc_monster_closet_entryway,
          nicolae_trove_entry_path_of_doom, minmay_misc_feat_iff, uniq_maurice,
          uniq_sonja
D:12:     gammafunk_sealed_library, layout_rooms, minmay_misc_feat_pillars
D:13:     layout_gridville
D:14:     layout_gridville, david_vaults_1, serial_shops,
          nicolae_shop_pleasant_corner_grove
D:15:     grunt_enter_depths_hoard, layout_basic, minmay_curled_crystal,
          serial_nicolae_subway, nicolae_sub_station_stone,
          nicolae_sub_station_metal, nicolae_sub_station_crystal
Temple:   hellmonk_temple_two_chambers
Lair:1:   layout_gridlike, chequers_serial_rivers_small_3,
          grunt_forest_small_clearing_treed, uniq_gastronok
Lair:2:   layout_long_grid, dummy_spider_entry, uniq_nergalle, uniq_amaemon
Lair:3:   layout_regular_city, minmay_shoals_entry_hut,
          nicolae_volcano_entry_s_turn, nicolae_lair_lindhole,
          infiniplex_staircase_pool, uniq_snorg
Lair:4:   dpeg_oklob_gauntlet, layout_layer_cave, minmay_lindwurm_lava,
          uniq_urug, uniq_rupert
Lair:5:   hellmonk_lair_end_abyssal_woods, layout_long_grid, slime_entry_1
Orc:1:    layout_caves, uniq_josephine, uniq_erolcha
Orc:2:    pubby_orc_utopia, uniq_saint_roka

Skill      XL: |  1  2  3  4  5  6  7  8  9 10 11 12 13 14 15 16 17 |
---------------+----------------------------------------------------+-----
Spellcasting   | 4 6 7 9 10 11 12 | 12.6
Conjurations   | 4 6 7 9 10 11 12 | 12.6
Hexes          | 4 6 7 9 10 11 12 | 12.6
Summonings     | 4 6 7 9 10 11 12 | 12.6
Necromancy     | 4 6 7 9 10 11 12 | 12.6
Translocations | 4 6 7 9 10 11 12 | 12.6
Transmutations | 4 6 7 9 10 11 12 | 12.6
Fire Magic     | 4 6 7 9 10 11 12 | 12.6
Ice Magic      | 4 6 7 9 10 11 12 13 | 13.0
Air Magic      | 4 6 7 9 10 11 12 | 12.6
Earth Magic    | 4 6 7 9 10 11 12 | 12.6
Poison Magic   | 4 6 7 9 10 11 12 | 12.6
Stealth        | 2 3 4 5 6 7 |  7.1
Dodging        | 3 4 5 6 7 8 10 12 13 | 13.9
Short Blades   | 1 2 3 4 6 8 9 10 | 10.2
Fighting       | 1 2 3 5 6 8 9 |  9.4
Invocations    | 6 7 9 10 11 | 11.4
Armour         | 2 3 4 5 |  5.6
Evocations     | 1 4 7 |  7.9
Unarmed Combat | |  0.3

Action                     |  1- 3 |  4- 6 |  7- 9 | 10-12 | 13-15 | 16-18 || total
---------------------------+-------+-------+-------+-------+-------+-------++-------
  Melee: Unarmed           |     4 |       |       |       |       |       ||     4
         Short sword       |     4 |       |       |   125 |  1133 |   477 ||  1739
         Rapier            |     1 |    94 |   122 |    17 |       |       ||   234
         Punch             |       |     2 |       |     3 |    13 |     6 ||    24
   Cast: Foxfire           |    31 |    82 |    91 |   104 |   218 |    57 ||   583
         Volatile Blastmot |       |     5 |    19 |    30 |    26 |     7 ||    87
         Scorch            |       |     2 |    22 |    32 |    79 |    25 ||   160
         Inner Flame       |       |     1 |     6 |    17 |    11 |    17 ||    52
         Blink             |       |       |     3 |     2 |     4 |       ||     9
         Dispel Undead     |       |       |     3 |     5 |     5 |     3 ||    16
         Flame Wave        |       |       |     2 |     4 |    25 |     6 ||    37
         Alistair's Intoxi |       |       |       |     2 |     3 |     2 ||     7
         Fireball          |       |       |       |       |    49 |    21 ||    70
         Summon Cactus Gia |       |       |       |       |    26 |    55 ||    81
         Swiftness         |       |       |       |       |       |     2 ||     2
         Starburst         |       |       |       |       |       |     2 ||     2
 Invoke: Lesser Servant of |       |       |       |       |     3 |       ||     3
         Major Destruction |       |       |       |       |     1 |       ||     1
         Greater Servant o |       |       |       |       |       |     1 ||     1
  Evoke: Wand              |       |       |     1 |       |     6 |     1 ||     8
    Use: Scroll            |       |     6 |     7 |     9 |    18 |     3 ||    43
         Potion            |       |     1 |     2 |     2 |     1 |     1 ||     7
   Stab: Sleeping          |       |     2 |     8 |     6 |     6 |     9 ||    31
         Distracted        |       |       |       |     1 |     3 |     1 ||     5
         Confused          |       |       |       |     1 |     1 |     3 ||     5
         Petrified         |       |       |       |       |     1 |       ||     1
 Armour: Robe              |     5 |    10 |    76 |    60 |       |       ||   151
         Troll leather arm |       |       |       |     7 |   295 |   119 ||   421
  Dodge: Dodged            |    23 |    63 |   221 |   250 |  1096 |   424 ||  2077

Table legend: (Time is in decaauts)
 A = Elapsed time spent in this place.
 B = Non-inter-level travel time spent in this place.
 C = Inter-level travel time spent in this place.
 D = Time resting spent in this place.
 E = Time spent auto-exploring this place.
 F = Levels seen in this place.
 G = Mean time per level.
                   A        B        C        D        E       F      G
               +--------+--------+--------+--------+--------+-----+--------+
         Total |  27859 |  26737 |   1122 |   2697 |  11591 |  26 | 1071.5 |
       Dungeon |  17303 |  16443 |    860 |   1679 |   8016 |  15 | 1153.5 |
        Temple |     21 |     21 |      0 |      0 |      0 |   1 |   21.0 |
          Lair |   5866 |   5704 |    162 |    273 |   2518 |   5 | 1173.2 |
  Orcish Mines |   3023 |   2924 |     99 |    280 |    936 |   2 | 1511.5 |
         Trove |    194 |    194 |      0 |      0 |     93 |   1 |  194.0 |
        Bailey |    978 |    978 |      0 |    455 |      0 |   1 |  978.0 |
       Volcano |    471 |    471 |      0 |     10 |     28 |   1 |  471.0 |
               +--------+--------+--------+--------+--------+-----+--------+

Top non-repeatable levels by time:
   Orc:2: 2497 daAuts
    D:11: 2114 daAuts
  Lair:5: 1773 daAuts
     D:7: 1755 daAuts
    D:10: 1681 daAuts
     D:5: 1530 daAuts
  Lair:4: 1324 daAuts
     D:6: 1260 daAuts
    D:12: 1238 daAuts
     D:9: 1174 daAuts
     D:3: 1171 daAuts
  Lair:1: 1157 daAuts
  Lair:3: 1094 daAuts
    D:14: 990 daAuts
  Bailey: 978 daAuts
